 Dungeon Crawl Stone Soup version 0.22-a0-407-gb098539 (webtiles) character file.

32799 dstrtnsr the Brawler (level 13, -9/132 HPs)
             Began as a Troll Fighter on May 10, 2018.
             Was the Champion of Ru.
             Mangled by a 12-headed hydra (13 damage)
             ... on level 6 of the Lair of Beasts.
             The game lasted 00:17:21 (16278 turns).

dstrtnsr the Brawler (Troll Fighter)               Turns: 16278, Time: 00:17:22

Health: -9/132     AC:  8    Str: 31    XL:     13   Next: 33%
Magic:  9/13       EV: 14    Int:  4    God:    Ru [******]
Gold:   1061       SH: 12    Dex:  9    Spells: 12/12 levels left

rFire    . . .     SeeInvis .     - Unarmed
rCold    . . .     Gourm    +   b - +0 shield
rNeg     . . .     Faith    .   a - +0 robe
rPois    +         Spirit   .   (helmet restricted)
rElec    .         Reflect  .   u - +2 cloak
rCorr    .         Harm     .   (gloves unavailable)
MR       .....                  (boots unavailable)
Stlth    ..........             J - amulet of rage
HPRegen  0.72/turn              p - ring of poison resistance
MPRegen  0.13/turn              x - +4 ring of evasion

@: exhausted
A: large, unfitting armour, claws 3, fast metabolism 3, gourmand, regeneration
1, shaggy fur 1, tough skin 2, no stealth, hated by all, no charms magic, no
earth magic, no necromancy magic, unskilled 1, inexperienced 1
a: Draw Out Power, Power Leap, Apocalypse, Renounce Religion, Evoke Berserk Rage


You were on level 6 of the Lair of Beasts.
You worshipped Ru.
Ru was exalted by your worship.
You were very full.

You visited 5 branches of the dungeon, and saw 21 of its levels.

You collected 1341 gold pieces.
You spent 280 gold pieces at shops.

Inventory:

Missiles
 E - a throwing net (quivered)
Armour
 a - a +0 robe (worn)
 b - a +0 shield (worn)
 u - a +2 cloak (worn)
Jewellery
 j - an uncursed ring of flight
 p - a ring of poison resistance (left claw)
 x - a +4 ring of evasion (right claw)
 J - an amulet of rage (around neck)
Wands
 C - a wand of acid (8)
 D - a wand of disintegration (31)
 M - a wand of polymorph (17)
 P - a wand of paralysis (9)
 V - a wand of digging (7)
Scrolls
 f - 2 scrolls of immolation
 g - 3 scrolls of blinking
 h - 7 scrolls of remove curse {@r2}
 i - 10 scrolls of teleportation {!d}
 k - 4 scrolls of fear
 l - a scroll of enchant armour
 r - 5 scrolls of identify {@r1}
 t - 3 scrolls of noise {unknown}
 A - 5 scrolls of fog
 B - a scroll of magic mapping {unknown}
 F - 2 scrolls of acquirement {unknown}
 G - 3 scrolls of enchant weapon {unknown}
Potions
 c - 11 potions of curing {@q1}
 d - a potion of brilliance
 m - 2 potions of might
 n - 3 potions of degeneration
 o - a potion of magic
 q - 3 potions of flight
 s - a potion of ambrosia
 v - a potion of haste
 w - a potion of agility
 y - 4 potions of lignification
 H - 2 potions of cancellation
 I - a potion of mutation
 K - a potion of heal wounds {unknown}
 L - a potion of resistance {unknown}
 N - a potion of berserk rage {unknown}
Miscellaneous
 z - a lamp of fire
Comestibles
 e - 46 rations {!d}


   Skills:
 + Level 9.7 Fighting
 - Level 2.1 Dodging
 + Level 9.5 Shields
 * Level 15.0 Unarmed Combat
 + Level 2.3 Evocations


You had 12 spell levels left.
You didn't know any spells.

Dungeon Overview and Level Annotations

Branches:
Dungeon (12/15)            Temple (1/1) D:4            Lair (6/6) D:9
 Shoals (0/4) Lair:4        Snake (0/4) Lair:2        Slime (1/5) Lair:5
    Orc (1/2) D:9

Altars:
Ashenzari
Cheibriados
Fedhas
Gozag
Hepliaklqana
Kikubaaqudgha
Makhleb
Nemelex Xobeh
Okawaru
Qazlal
Ru
Trog
Uskayaw
Vehumet
Wu Jian
Yredelemnul
The Shining One

Shops:
D:4 }   D:10 =


Innate Abilities, Weirdness & Mutations

You are too large for most types of armour.
You have claws for hands.
Your metabolism is lightning-fast.
You like to eat raw meat.
Your natural rate of healing is unusually fast.
You are covered in fur. (AC +1)
You have very tough skin. (AC +2)
You cannot be stealthy.
You are hated by all.
You cannot study or cast Charms magic.
You cannot study or cast Earth magic.
You cannot study or cast Necromancy magic.
You are somewhat unskilled. (-1 Apt)
You are somewhat inexperienced. (-2 XL)


Message History

You butcher the komodo dragon corpse.
O - 4 chunks of flesh Eating one of 4 chunks of flesh.
You eat one of the 4 chunks of flesh.
This raw flesh tastes great.
Eating one of 3 chunks of flesh.
You eat one of the 3 chunks of flesh.
This raw flesh tastes great.
Eating one of 2 chunks of flesh.
You eat one of the 2 chunks of flesh.
This raw flesh tastes great.
Key pressed, stopping explore.
Key pressed, stopping explore.
You see here a war axe.
All of the chunks of flesh in your inventory have rotted away.
Found a short sword.
Found 7 needles of confusion.
You now have 1011 gold pieces (gained 17).
Key pressed, stopping explore.
You now have 1033 gold pieces (gained 22).
Key pressed, stopping explore.
You now have 1061 gold pieces (gained 28).
Key pressed, stopping explore.
Found a robe.
Found steam dragon scales.
Found 2 tomahawks of returning.
i - 10 scrolls of teleportation {!d} (gained 1)
There is a stone staircase leading up here.
Key pressed, stopping explore.
There is a stone staircase leading up here.
Key pressed, stopping explore.
The fire dragon roars deafeningly!
A seven-headed hydra comes into view.
The seven-headed hydra roars!
A seven-headed hydra is nearby!
A komodo dragon comes into view.
Aiming: Power Leap
Press: ? - help, Dir - move target cursor You hear a bark!
You hear an angry hiss. x2
The seven-headed hydra barely misses you.
You block the seven-headed hydra's attack.
The seven-headed hydra bites you!
You focus your will and illuminate the seven-headed hydra in retribution!
The seven-headed hydra misses you.
The seven-headed hydra barely misses you.
You block the seven-headed hydra's attack.
The seven-headed hydra barely misses you.
You fail to use your ability.
The seven-headed hydra is stunned by your will and fails to attack.
You claw one of the seven-headed hydra's heads off!
The six-headed hydra grows two more!
You mangle the eight-headed hydra!!
The eight-headed hydra is severely wounded.
The eight-headed hydra misses you. The eight-headed hydra bites you.
You focus your will and blind the eight-headed hydra in retribution!
You block the eight-headed hydra's attack.
The eight-headed hydra bites you but does no damage.
The eight-headed hydra closely misses you.
The eight-headed hydra bites you but does no damage.
The eight-headed hydra bites you! x2
You scratch the eight-headed hydra.
The eight-headed hydra is severely wounded.
You rip one of the eight-headed hydra's heads off!
The seven-headed hydra grows two more!
You mangle the nine-headed hydra!!
The nine-headed hydra is almost dead.
You block the nine-headed hydra's attack.
The nine-headed hydra barely misses you.
The nine-headed hydra bites you!! The nine-headed hydra bites you.
You block the nine-headed hydra's attack.
The nine-headed hydra completely misses you.
The nine-headed hydra bites you but does no damage.
The nine-headed hydra bites you.
The nine-headed hydra bites you but does no damage.
You tear one of the nine-headed hydra's heads off!
The eight-headed hydra grows two more!
You scratch the ten-headed hydra.
The ten-headed hydra is severely wounded.
The ten-headed hydra bites you but does no damage.
You block the ten-headed hydra's attack. x3
The ten-headed hydra closely misses you. x2
The ten-headed hydra bites you! x2; The ten-headed hydra barely misses you. x2
You are too injured to fight recklessly!
You are too injured to fight recklessly!
You are too injured to fight recklessly!
You are too injured to fight recklessly!
You tear one of the ten-headed hydra's heads off!
The nine-headed hydra grows two more!
You mangle the 11-headed hydra!!
The 11-headed hydra is almost dead.
The 11-headed hydra bites you!!
* * * LOW HITPOINT WARNING * * *
You block the 11-headed hydra's attack. The 11-headed hydra bites you!
* * * LOW HITPOINT WARNING * * *
You focus your will and blind the 11-headed hydra in retribution!
You block the 11-headed hydra's attack. The 11-headed hydra misses you. x2
You block the 11-headed hydra's attack. The 11-headed hydra bites you!
* * * LOW HITPOINT WARNING * * *
The 11-headed hydra barely misses you. The 11-headed hydra misses you.
The 11-headed hydra bites you.
* * * LOW HITPOINT WARNING * * *
You tear one of the 11-headed hydra's heads off!
The ten-headed hydra grows two more!
You claw the 12-headed hydra!
The 12-headed hydra is almost dead.
Okay, then.
The 12-headed hydra bites you!
You die...

#§§§# #..........## #
#§≈.#####...?.......# #
###.8#8###...........#
##....## #.............
##.....8# ##..)........##
..#§#......##
#..[.......##
..#≈#.......##
###.......##
.#≈≈........####.#.......
#≈≈≈≈##......D@#....#..#
##§≈≈#.........#.....###.
##≈≈§§........####..#.####
# ≈≈≈≈#......####
#....##.########
≈≈≈§§.....##
##.......#P.P##.P
###.§#..8#.#
#)...............
#..##8#####
##.P...P.PP....... #.≈ ###
####.......PP........ ...
###..........P#........


You could see a 12-headed hydra (blind).

Vanquished Creatures
  Rupert (D:12)
  The ghost of dstrtnsr the Grappler, a journeyman TrFi of Okawaru (Lair:4)
  4 hydras
  5 two-headed ogres
  2 deep elf magi (D:12)
  A manticore (D:12)
  A cyclops (D:11)
  2 ugly things (D:12)
  A centaur zombie (D:12)
  A gargoyle (D:12)
  4 black mambas
  10 spiny frogs
  A rime drake (Lair:2)
  7 komodo dragons
  A polar bear (Lair:4)
  3 trolls
  Grinder (D:3)
  7 dream sheep
  10 hippogriffs
  20 blink frogs
  2 meliai zombies
  2 wyverns
  A vampire (D:10)
  22 yaks
  4 basilisks
  A steam dragon (Lair:6)
  2 hungry ghosts
  Edmund (D:6)
  A soldier ant (D:12)
  4 nagas (Lair:2)
  8 water moccasins
  Duvessa (D:5)
  7 porcupines
  3 ice beasts
  3 black bears
  3 swamp drakes
  4 orc warriors
  A phantom (D:10)
  4 sky beasts
  4 ogres
  11 wolves
  10 centaurs
  7 crocodiles
  6 big kobolds
  A gnoll sergeant (D:9)
  11 bullfrogs
  Dowan (D:5)
  6 scorpions
  9 killer bees (D:12)
  6 howler monkeys
  4 wights (D:10)
  4 electric eels
  7 crimson imps
  4 jellies
  2 bullfrog zombies
  4 orc priests
  10 hounds
  An iguana (D:11)
  15 orc wizards
  8 worker ants
  2 hell rats (D:8)
  2 hound zombies
  A worker ant zombie (D:11)
  4 gnolls
  10 adders
  A howler monkey skeleton (D:4)
  10 river rats
  4 shadow imps
  An ooze (D:2)
  An adder skeleton (D:9)
  2 dart slugs (D:1)
  A worm (D:4)
  3 leopard geckos
  42 orcs
  A giant cockroach (D:2)
  3 goblins
  5 hobgoblins
  12 jackals
  7 quokkas
  5 bats
  2 frilled lizards (D:1)
  2 jackal skeletons
  18 kobolds
  A leopard gecko skeleton (D:3)
  23 rats
  5 fungi
  6 plants
462 creatures vanquished.

Vanquished Creatures (others)
  A komodo dragon (Lair:1)
  3 fungi
  15 plants
19 creatures vanquished.

Grand Total: 481 creatures vanquished

Notes
Turn   | Place    | Note
-------+----------+-------------------------------------------
     0 | D:1      | dstrtnsr the Troll Fighter began the quest for the Orb.
     0 | D:1      | Reached XP level 1. HP: 22/22 MP: 0/0
    58 | D:1      | Reached XP level 2. HP: 29/29 MP: 1/1
   502 | D:2      | Reached XP level 3. HP: 36/36 MP: 2/2
   585 | D:2      | Reached skill level 3 in Unarmed Combat
   670 | D:3      | Noticed Grinder
   680 | D:3      | Paralysed by Grinder for 3 turns
   707 | D:3      | HP: 12/36 [Grinder/nerve-wracking pain (6)]
   710 | D:3      | Killed Grinder
   710 | D:3      | Reached skill level 4 in Unarmed Combat
   710 | D:3      | Reached XP level 4. HP: 10/45 MP: 3/3
   710 | D:3      | Reached XP level 5. HP: 12/53 MP: 4/4
   916 | D:4      | Found Tizxewn's Gadget Boutique.
   964 | D:4      | Reached XP level 6. HP: 45/61 MP: 5/5
   983 | D:4      | Reached skill level 5 in Unarmed Combat
   988 | D:4      | HP: 18/61 [orc/flail (8)]
  1150 | D:4      | Found a glowing drain.
  1260 | D:4      | Noticed a rust devil
  1292 | D:4      | Found a staircase to the Ecumenical Temple.
  1340 | D:4      | Reached XP level 7. HP: 46/70 MP: 6/6
  1470 | Temple   | Entered the Ecumenical Temple
  1585 | Temple   | Became a worshipper of Ru the Awakened
  1683 | D:5      | Entered Level 5 of the Dungeon
  1756 | D:5      | Reached skill level 6 in Unarmed Combat
  1898 | D:5      | Noticed Dowan
  1899 | D:5      | Noticed Duvessa
  1906 | D:5      | Killed Duvessa
  1915 | D:5      | Killed Dowan
  2238 | D:5      | Reached XP level 8. HP: 75/79 MP: 7/7
  2286 | D:6      | Noticed Edmund
  2303 | D:6      | Killed Edmund
  2303 | D:6      | Reached skill level 7 in Unarmed Combat
  2482 | D:6      | Found a snail-covered altar of Cheibriados.
  2522 | D:6      | Found an opulent altar of Gozag.
  2610 | D:6      | Gained mutation: You are somewhat unskilled. (-1 Apt) [Ru sacrifice]
  2610 | D:6      | Reduced skill Unarmed Combat to level 6
  2610 | D:6      | Reached * piety under Ru
  2610 | D:6      | Reached ** piety under Ru
  3307 | D:7      | Found a blossoming altar of Fedhas.
  3307 | D:7      | Found a stormy altar of Qazlal.
  3312 | D:7      | Found a basalt altar of Yredelemnul.
  3314 | D:7      | Found a burning altar of Makhleb.
  3369 | D:8      | Reached skill level 7 in Unarmed Combat
  3649 | D:8      | Reached XP level 9. HP: 87/87 MP: 8/8
  3696 | D:8      | Found an iron altar of Okawaru.
  3712 | D:8      | Reached skill level 5 in Shields
  3716 | D:8      | Reached skill level 5 in Fighting
  3757 | D:8      | Reached skill level 8 in Unarmed Combat
  4211 | D:8      | Noticed a three-headed hydra
  4243 | D:7      | Killed a three-headed hydra
  4243 | D:7      | Reached skill level 9 in Unarmed Combat
  4323 | D:8      | HP: 34/88 [yak (7)]
  4327 | D:7      | HP: 14/88 [dream sheep (5)]
  4338 | D:7      | HP: 18/88 [quokka (1)]
  4465 | D:7      | HP: 35/89 [dream sheep (11)]
  4597 | D:7      | Gained mutation: You are hated by all. [Ru sacrifice]
  4597 | D:7      | Reached *** piety under Ru
  4646 | D:8      | Reached XP level 10. HP: 68/98 MP: 9/9
  4978 | D:9      | HP: 38/98 [hound (2)]
  4985 | D:9      | HP: 34/98 [hound (2)]
  4991 | D:9      | HP: 29/98 [hound (1)]
  5126 | D:9      | Found a staircase to the Lair.
  5127 | D:9      | HP: 38/98 [electric eel/bolt of electricity (10)]
  5472 | D:9      | Reached skill level 10 in Unarmed Combat
  5615 | D:9      | HP: 39/98 [troll (4)]
  5628 | D:9      | HP: 27/98 [troll (6)]
  5670 | D:9      | HP: 38/98 [troll (5)]
  5851 | D:9      | Found a stormy altar of Qazlal.
  6039 | D:9      | Found a staircase to the Orcish Mines.
  6218 | D:9      | Found a hide-covered altar of Uskayaw.
  6225 | Orc:1    | Entered Level 1 of the Orcish Mines
  6246 | D:10     | Entered Level 10 of the Dungeon
  6824 | D:10     | Found a shattered altar of Ashenzari.
  6988 | D:10     | Reached skill level 11 in Unarmed Combat
  7071 | D:10     | Noticed a two-headed ogre
  7077 | D:10     | Killed a two-headed ogre
  7077 | D:10     | Reached XP level 11. HP: 107/107 MP: 10/10
  7173 | D:10     | Found Suiprima's Jewellery Shoppe.
  7185 | D:10     | Bought an uncursed ring of poison resistance for 280 gold pieces
  7568 | D:11     | Noticed a two-headed ogre
  7575 | D:11     | Killed a two-headed ogre
  7646 | D:11     | Noticed a two-headed ogre
  7658 | D:11     | HP: 40/109 [two-headed ogre/giant club (19)]
  7659 | D:11     | Killed a two-headed ogre
  7764 | D:11     | Noticed a two-headed ogre
  7772 | D:11     | HP: 31/109 [two-headed ogre/giant spiked club (20)]
  7806 | D:11     | HP: 40/109 [two-headed ogre/giant spiked club (14)]
  7807 | D:11     | Killed a two-headed ogre
  8204 | D:11     | HP: 31/109 [cyclops (31)]
  8214 | D:11     | Gained mutation: You are somewhat inexperienced. (-2 XL) [Ru sacrifice]
  8214 | D:11     | Reached XP level 10. HP: 36/102 MP: 9/9
  8214 | D:11     | Reached XP level 9. HP: 36/93 MP: 8/8
  8214 | D:11     | Reached **** piety under Ru
  8214 | D:11     | Reached ***** piety under Ru
  8554 | D:12     | Noticed a gargoyle
  8558 | D:12     | Reached skill level 12 in Unarmed Combat
  8559 | D:12     | Noticed a two-headed ogre
  8569 | D:12     | Killed a gargoyle
  8569 | D:12     | Reached XP level 10. HP: 71/102 MP: 9/9
  8576 | D:12     | Noticed a red ugly thing
  8616 | D:12     | Killed a two-headed ogre
  8731 | D:12     | Killed a red ugly thing
  9066 | D:12     | Noticed a white ugly thing
  9068 | D:12     | Killed a white ugly thing
  9263 | D:12     | Noticed Rupert
  9271 | D:12     | Noticed a deep elf mage
  9271 | D:12     | Killed Rupert
  9271 | D:12     | Reached skill level 13 in Unarmed Combat
  9271 | D:12     | Reached XP level 11. HP: 111/111 MP: 1/10
  9285 | D:12     | Killed a deep elf mage
  9370 | D:12     | Noticed a deep elf mage
  9377 | D:12     | Killed a deep elf mage
  9786 | Lair:1   | Entered Level 1 of the Lair of Beasts
 10528 | Lair:2   | Gained mutation: You cannot be stealthy. [Ru sacrifice]
 10577 | Lair:2   | Reached XP level 12. HP: 103/122 MP: 11/11
 10726 | Lair:2   | HP: 30/122 [komodo dragon (21)]
 10728 | Lair:2   | Reached skill level 14 in Unarmed Combat
 10732 | Lair:2   | HP: 32/123 [wolf (2)]
 10741 | Lair:2   | HP: 37/123 [porcupine (1)]
 10746 | Lair:2   | HP: 34/123 [porcupine (6)]
 10774 | Lair:2   | HP: 45/123 [hippogriff (8)]
 11438 | Lair:2   | Found a staircase to the Snake Pit.
 12106 | Lair:3   | Gained mutation: You cannot study or cast Earth magic. [Ru sacrifice]
 12106 | Lair:3   | Gained mutation: You cannot study or cast Necromancy magic. [Ru sacrifice]
 12106 | Lair:3   | Gained mutation: You cannot study or cast Charms magic. [Ru sacrifice]
 12106 | Lair:3   | Reached ****** piety under Ru
 12958 | Lair:4   | Noticed dstrtnsr's ghost (journeyman TrFi)
 12969 | Lair:4   | Killed dstrtnsr's ghost
 12983 | Lair:4   | HP: 44/123 [blink frog (9)]
 12989 | Lair:4   | HP: 42/123 [blink frog (5)]
 12998 | Lair:4   | HP: 41/123 [blink frog (7)]
 13497 | Lair:4   | Noticed a seven-headed hydra
 13508 | Lair:4   | HP: 49/123 [11-headed hydra (7)]
 13508 | Lair:4   | HP: 18/123 [11-headed hydra (10)]
 13509 | Lair:4   | Killed a 12-headed hydra
 13509 | Lair:4   | Reached skill level 1 in Evocations
 13971 | Lair:4   | Found a staircase to the Shoals.
 14384 | Lair:5   | Noticed a four-headed hydra
 14390 | Lair:5   | Killed a five-headed hydra
 14390 | Lair:5   | Reached XP level 13. HP: 109/131 MP: 12/12
 15181 | Lair:5   | Found a staircase to the Slime Pits.
 15433 | Slime:1  | Entered Level 1 of the Pits of Slime
 15433 | Slime:1  | Noticed an acid blob
 15448 | Lair:6   | Entered Level 6 of the Lair of Beasts
 15653 | Lair:6   | Reached skill level 15 in Unarmed Combat
 15787 | Lair:6   | Found a labyrinth entrance.
 16254 | Lair:6   | Noticed a fire dragon
 16273 | Lair:6   | HP: 46/132 [ten-headed hydra (11)]
 16274 | Lair:6   | HP: 17/132 [11-headed hydra (12)]
 16274 | Lair:6   | HP: 7/132 [11-headed hydra (10)]
 16274 | Lair:6   | HP: 2/132 [11-headed hydra (5)]
 16278 | Lair:6   | Mangled by a 12-headed hydra

Vault maps used:
D:1:      dpeg_arrival_central
D:2:      first_ration
D:3:      nicolae_ashenzari_panopticon, uniq_grinder, uniq_jessica
D:4:      temple_garden, cheibrodos_sewer_entry_bend, enter_ossuary_4,
          serial_shops, shop_statue
D:5:      uniq_duvessa
D:6:      nicolae_gozag_cash_rules_everything_around_me, basic_altar,
          uniq_edmund
D:7:      chequers_temple_overflow_minitemple
D:8:      lemuel_ratsnest, okawaru_altar_gauntlet_db, hangedman_ranch,
          minmay_misc_feat_doors
D:9:      kennysheep_mini, erik_lair_island, david_orc_2,
          nicolae_qazlal_style_of_elements
D:10:     basic_altar, serial_shops, shop
D:12:     uniq_rupert
Temple:   minmay_temple_curvy_branch
Lair:1:   grunt_megastairs_1, infiniplex_staircase_pool
Lair:2:   minmay_snake_entry_guardpost_medium, lemuel_fruit_fields,
          grunt_megastairs_4
Lair:4:   minmay_shoals_entry_centaurs, serial_forest,
          infiniplex_forest_lined_ring, infiniplex_forest_clump_C,
          infiniplex_forest_zigzag_1, infiniplex_forest_straight_4,
          infiniplex_forest_clump_long, infiniplex_forest_straight_2,
          infiniplex_forest_lined_1
Lair:5:   slime_dummy, eino_small_chamber_without_monster, lemuel_fruit_fields,
          lemuel_fruit_tree
Lair:6:   cheibrodos_lair_end_hotspot, lab_entry_generic
Orc:1:    uniq_josephine, uniq_urug

Skill      XL: |  1  2  3  4  5  6  7  8  9 10 11 12 13 |
---------------+----------------------------------------+-----
Unarmed Combat | 4 5 6 7 12 13 14 15 | 15.0
Fighting       | 3 4 5 8 7 9 |  9.7
Shields        | 3 4 6 8 7 9 |  9.5
Evocations     | 1 2 |  2.3
Dodging        | |  2.1

Action                   |  1- 3 |  4- 6 |  7- 9 | 10-12 | 13-15 || total
-------------------------+-------+-------+-------+-------+-------++-------
Melee: Unarmed           |   111 |   100 |   362 |   708 |   129 ||  1410
Invok: Sacrifice Skill   |       |       |     1 |       |       ||     1
       Sacrifice Love    |       |       |     1 |       |       ||     1
       Sacrifice Experie |       |       |     1 |       |       ||     1
       Apocalypse        |       |       |       |     6 |     1 ||     7
       Draw Out Power    |       |       |       |     1 |       ||     1
       Sacrifice Stealth |       |       |       |     1 |       ||     1
       Sacrifice Arcana  |       |       |       |     1 |       ||     1
       Power Leap        |       |       |       |       |     1 ||     1
 Abil: Evoke Berserk Rag |       |       |       |       |     2 ||     2
Evoke: Wand              |       |       |     5 |     7 |       ||    12
  Use: Potion            |     1 |       |       |     1 |       ||     2
       Scroll            |       |       |     7 |    13 |       ||    20
 Stab: Invisible         |       |       |     1 |     5 |       ||     6
       Distracted        |       |       |     1 |     2 |       ||     3
       Paralysed         |       |       |       |    11 |       ||    11
       Petrified         |       |       |       |     3 |       ||     3
       Petrifying        |       |       |       |     1 |       ||     1
  Eat: Chunk             |    10 |     6 |    36 |    88 |    21 ||   161
Armor: Robe              |    26 |    25 |    78 |   107 |    26 ||   262
       Skin              |     5 |       |       |       |       ||     5
Dodge: Dodged            |    39 |    27 |    93 |   244 |    64 ||   467
Block: Shield            |    59 |    36 |   146 |   309 |    89 ||   639

Table legend:
 A = Spawn XP
 B = Non-spawn XP
 C = Spawn XP percentage of total XP
 D = Spawn monster count
 E = Non-spawn monster count
 F = Spawn count percentage of total count
 G = Total turns spent on level
                    A         B        C        D         E        F      G
               +---------+---------+-------+---------+---------+-------+---------
         Total |       0 |   58758 |   0.0 |       0 |     452 |   0.0 | 16278
               +---------+---------+-------+---------+---------+-------+---------
           D:1 |       0 |      39 |   0.0 |       0 |      23 |   0.0 |   496
           D:2 |       0 |      12 |   0.0 |       0 |       4 |   0.0 |   161
           D:3 |       0 |     281 |   0.0 |       0 |       8 |   0.0 |   259
           D:4 |       0 |     560 |   0.0 |       0 |      26 |   0.0 |   568
           D:5 |       0 |     561 |   0.0 |       0 |      15 |   0.0 |   580
           D:6 |       0 |     413 |   0.0 |       0 |      16 |   0.0 |   972
           D:7 |       0 |    1817 |   0.0 |       0 |      11 |   0.0 |   471
           D:8 |       0 |    2092 |   0.0 |       0 |      69 |   0.0 |  1163
           D:9 |       0 |    2138 |   0.0 |       0 |      42 |   0.0 |  1408
          D:10 |       0 |    3817 |   0.0 |       0 |      45 |   0.0 |  1404
          D:11 |       0 |    4217 |   0.0 |       0 |      19 |   0.0 |   985
          D:12 |       0 |   11856 |   0.0 |       0 |      48 |   0.0 |  1116
        Lair:1 |       0 |    5629 |   0.0 |       0 |      27 |   0.0 |   732
        Lair:2 |       0 |    6961 |   0.0 |       0 |      33 |   0.0 |  1354
        Lair:3 |       0 |    1236 |   0.0 |       0 |       5 |   0.0 |   996
        Lair:4 |       0 |    7040 |   0.0 |       0 |      28 |   0.0 |  1347
        Lair:5 |       0 |    6099 |   0.0 |       0 |      20 |   0.0 |  1229
        Lair:6 |       0 |    3990 |   0.0 |       0 |      13 |   0.0 |   830
               +---------+---------+-------+---------+---------+-------+---------
